 Dungeon Crawl Stone Soup version 0.24.0-37-gcf1ca852f1 (webtiles) character file.

Game seed: 4135016423982549422, levelgen mode: deterministic

1239 lepoulpe303 the Spear-Bearer (level 8, -11/65 HPs)
             Began as a Merfolk Fighter on Dec 5, 2019.
             Mangled by an orc warrior
             ... wielding a +0 trident
              (20 damage)
             ... on level 6 of the Dungeon.
             The game lasted 00:17:26 (5904 turns).

lepoulpe303 the Spear-Bearer (Merfolk Fighter)      Turns: 5904, Time: 00:17:26

Health: -11/65     AC: 10    Str: 18    XL:     8   Next: 49%
Magic:  8/8        EV:  7    Int: 11    God:
Gold:   202        SH:  9    Dex: 13    Spells: 7/7 levels left

rFire    . . .     SeeInvis .   a - +0 trident
rCold    . . .     Gourm    .   c - +0 shield
rNeg     . . .     Faith    .   k - +0 chain mail
rPois    .         Spirit   .   o - +0 helmet
rElec    .         Reflect  .   g - scarf {repulsion}
rCorr    .         Harm     .   (no gloves)
MR       .....                  (no boots)
Stlth    ..........             (no amulet)
HPRegen  0.20/turn              D - +3 ring of intelligence
MPRegen  0.11/turn              (no ring)

@: very slightly contaminated, repel missiles
A: change form in water, swift swim, stealthy swim
a: no special abilities


You were on level 6 of the Dungeon.
You were not hungry.

You visited 1 branch of the dungeon, and saw 6 of its levels.

You collected 202 gold pieces.

Inventory:

Hand Weapons
 a - a +0 trident (weapon)
Missiles
 n - 6 boomerangs
 v - 12 poisoned darts
 x - 4 javelins (quivered)
Armour
 b - a +0 scale mail
 c - a +0 shield (worn)
 g - a scarf of repulsion (worn)
 k - a +0 chain mail (worn)
 o - a +0 helmet (worn)
Jewellery
 D - a +3 ring of intelligence (left hand)
Wands
 y - a wand of scattershot (5)
Scrolls
 h - a scroll of enchant weapon {unknown}
 i - 2 scrolls of identify
 p - a scroll of fog {unknown}
 t - a scroll of teleportation
 u - a scroll of enchant armour {unknown}
 w - 4 scrolls of remove curse
 B - 3 scrolls of blinking {!r}
Potions
 d - a potion of might
 f - a potion of cancellation {unknown}
 j - a potion of flight {unknown}
 l - 3 potions of heal wounds
 m - a potion of haste {unknown}
 q - 4 potions of curing
 r - a potion of agility {unknown}
 s - a potion of lignification {!q}
 A - a potion of invisibility {unknown}
Comestibles
 e - 12 rations
 z - 7 chunks of flesh


   Skills:
 * Level 6.6 Fighting
 * Level 8.1 Polearms
 * Level 4.5 Armour
 + Level 4.7 Dodging
 - Level 3.0 Shields


You had 7 spell levels left.
You didn't know any spells.
Your spell library was empty.

Dungeon Overview and Level Annotations

Branches:
Dungeon (6/15)
 Temple: D:4-7

Altars:
Fedhas

Annotations:
D:5 2 transporters


Message History

You hit the orc warrior.
You hit the orc warrior but do no damage.
You block the orc warrior's attack.
You hit the orc warrior but do no damage.
The orc warrior is no longer blind.
The orc warrior barely misses you.
You see here 4 atropa-tipped darts.
You hit the orc warrior.
The orc warrior hits you with a +0 trident.
* * * LOW HITPOINT WARNING * * *
You take 3 damage, and have 22/65 hp.
You puncture the orc warrior!
The orc warrior hits you with a +0 trident.
* * * LOW HITPOINT WARNING * * *
You take 5 damage, and have 17/65 hp.
You closely miss the orc warrior.
The orc warrior hits you with a +0 trident!
* * * LOW HITPOINT WARNING * * *
You take 8 damage, and have 9/65 hp.
The orc warrior hits you from afar with a +0 trident!!
You die...

#..............## .
.
#####.####.##..#...
#.##....#.....♣
#.##[#..#......
#.#)<...##.##≈..
#.[........# ≈≈.
#.#.# ###.....#.##
#. .## #....#
##.#..#.#####.....
....#
#.#.....@(o....(.
#...#
#.#.....####.####
#...# #.#.##..#
#.... #.#.##..#
.###.... #.#......
........ ####..#.
.###.... #..#.#
........ #=.. #
.###.... #....


You could see an orc warrior.

Levels and vault maps discovered:
D:1:      erik_arrival_cave_to_civilisation [erik_arrival_cave_to_hall],
          layout_basic
D:2:      layout_loops_ring, uniq_robin
D:3:      layout_basic, minmay_rat_hole
D:4:      layout_loops_ring, fedhas_altar_1, serial_park_tiny_2,
          supply_closet_lemuel
D:5:      gammafunk_steamed_eel, layout_rooms, first_ration, minivault_24,
          minmay_crystal_water, uniq_ijyb, uniq_grinder
D:6:      layout_loops_ring, elyvilon_altar_4

Notes
Turn   | Place    | Note
-------+----------+-------------------------------------------
     0 | D:1      | lepoulpe303 the Merfolk Fighter began the quest for the
                  | Orb.
     0 | D:1      | Reached XP level 1. HP: 18/18 MP: 1/1
    26 | D:1      | Identified a +0 club
   199 | D:1      | Identified a +0 short sword
   208 | D:1      | Reached XP level 2. HP: 23/24 MP: 2/2
   277 | D:1      | Reached skill level 1 in Dodging
   468 | D:1      | Reached XP level 3. HP: 29/30 MP: 3/3
   956 | D:2      | Reached skill level 4 in Polearms
  1056 | D:2      | Identified a cursed -3 club
  1057 | D:2      | Identified a +0 dagger
  1065 | D:2      | Identified a +2 dagger of freezing
  1065 | D:2      | Identified a +0 club
  1081 | D:2      | Reached XP level 4. HP: 34/37 MP: 4/4
  1098 | D:2      | Reached skill level 2 in Dodging
  1156 | D:2      | Identified a +0 dagger
  1166 | D:2      | Identified a +0 dagger
  1167 | D:2      | Identified a +0 club
  1167 | D:2      | Identified a +0 animal skin
  1167 | D:2      | Identified a +0 helmet
  1167 | D:2      | Noticed Robin
  1167 | D:2      | Identified a +0 hunting sling
  1185 | D:2      | Killed Robin
  1185 | D:2      | Reached skill level 4 in Fighting
  1238 | D:2      | Identified a +0 chain mail (You found it on level 1 of the
                  | Dungeon)
  1533 | D:2      | Reached XP level 5. HP: 27/42 MP: 5/5
  1812 | D:2      | Identified a +0 dagger
  1969 | D:2      | Identified a +0 short sword
  2613 | D:3      | Reached skill level 5 in Polearms
  2613 | D:3      | Reached skill level 3 in Armour
  2756 | D:3      | Identified a +0 dagger
  2882 | D:3      | Identified a +0 flail
  3029 | D:3      | Identified a +0 club
  3030 | D:3      | Identified a +0 club
  3339 | D:4      | Found a blossoming altar of Fedhas.
  3415 | D:4      | Reached XP level 6. HP: 45/49 MP: 6/6
  3451 | D:4      | Reached skill level 3 in Dodging
  3733 | D:4      | Identified 6 scrolls of identify
  3733 | D:4      | Identified a cursed -2 spear (You found it on level 4 of
                  | the Dungeon)
  3735 | D:4      | Identified 3 potions of curing
  3736 | D:4      | Identified 3 potions of heal wounds
  3737 | D:4      | Identified a potion of lignification
  4036 | D:4      | Identified a +0 club
  4038 | D:4      | Identified a +0 chain mail
  4067 | D:4      | Identified a +0 mace
  4067 | D:4      | Identified a +0 hand axe
  4067 | D:4      | Identified a +0 scale mail
  4072 | D:4      | Reached skill level 5 in Fighting
  4078 | D:4      | Reached skill level 6 in Polearms
  4079 | D:4      | Identified a +0 trident
  4079 | D:4      | Identified a +0 chain mail
  4079 | D:4      | Identified a +0 dagger
  4079 | D:4      | Identified a +0 robe
  4079 | D:4      | Identified a +0 trident
  4309 | D:5      | Entered Level 5 of the Dungeon
  4311 | D:5      | Reached XP level 7. HP: 56/56 MP: 7/7
  4356 | D:5      | Found a transporter.
  4381 | D:5      | Identified a +0 whip
  4553 | D:5      | Identified a +0 dagger
  4553 | D:5      | Identified a +0 leather armour
  4553 | D:5      | Noticed Ijyb
  4563 | D:5      | Killed Ijyb
  4598 | D:5      | Found a transporter.
  4668 | D:5      | Noticed Grinder
  4683 | D:5      | Paralysed by Grinder for 7 turns
  4697 | D:5      | Killed Grinder
  4697 | D:5      | Reached skill level 7 in Polearms
  4697 | D:5      | Reached skill level 4 in Dodging
  4782 | D:5      | Reached skill level 4 in Armour
  4900 | D:5      | Identified a scarf of repulsion (You found it on level 5 of
                  | the Dungeon)
  5026 | D:6      | Identified a +0 spear
  5041 | D:5      | Reached skill level 6 in Fighting
  5142 | D:5      | Reached XP level 8. HP: 33/64 MP: 8/8
  5308 | D:6      | Identified a +0 hand axe
  5308 | D:6      | Identified a +0 plate armour
  5315 | D:6      | Identified a cursed -1 dagger
  5315 | D:6      | Identified a +0 shortbow
  5315 | D:6      | Identified a +0 hand axe
  5315 | D:6      | Identified a +0 leather armour
  5319 | D:6      | Identified a +0 flail
  5322 | D:6      | Identified a +0 trident
  5322 | D:6      | Identified a +0 ring mail
  5427 | D:6      | Identified a cursed +0 club
  5427 | D:6      | Identified a +0 ring mail
  5427 | D:6      | Identified a +0 trident
  5442 | D:6      | Identified a cursed -2 club
  5442 | D:6      | Identified a +0 chain mail
  5445 | D:6      | Identified a +0 trident
  5445 | D:6      | Identified a +0 chain mail
  5768 | D:6      | Reached skill level 8 in Polearms
  5861 | D:6      | Identified 4 scrolls of blinking
  5862 | D:6      | Identified 2 scrolls of teleportation
  5863 | D:6      | Identified 5 scrolls of remove curse
  5864 | D:6      | Identified a ring of intelligence (You found it on level 6
                  | of the Dungeon)
  5903 | D:6      | HP: 9/65 [orc warrior/+0 trident (8)]
  5904 | D:6      | Mangled by an orc warrior

Table legend:
 A = Turns spent in this place as a percentage of turns spent in the entire game.
 B = Non-inter-level travel turns spent in this place as a percentage of non-inter-level travel turns spent in the entire game.
 C = Inter-level travel turns spent in this place as a percentage of turns spent in this place.
 D = Turns resting spent in this place as a percentage of non-inter-level travel turns spent in this place.
 E = Turns spent auto-exploring this place as a percentage of non-inter-level travel turns spent in this place.
 F = Non-inter-level travel turns spent in this place divided by the number of levels of this place that you've seen.
                   A       B       C       D       E      F
               +-------+-------+-------+-------+-------+----------------------
         Total | 100.0 | 100.0 |   4.0 |  28.2 |  49.2 | 944.3
       Dungeon | 100.0 | 100.0 |   4.0 |  28.2 |  49.2 | 944.3
               +-------+-------+-------+-------+-------+----------------------

Table legend:
 A = Kills in this place as a percentage of kills in entire the game.
 B = Kills by you in this place as a percentage of kills by you in the entire game.
 C = Kills by friends in this place as a percentage of kills by friends in the entire game.
 D = Other kills in this place as a percentage of other kills in the entire game.
 E = Experience gained in this place as a percentage of experience gained in the entire game.
 F = Experience gained in this place divided by the number of levels of this place that you have seen.
                   A       B       C       D       E      F
               +-------+-------+-------+-------+-------+----------------------
         Total | 100.0 | 100.0 |   N/A |   N/A | 100.0 | 295.0
       Dungeon | 100.0 | 100.0 |   N/A |   N/A | 100.0 | 295.0
               +-------+-------+-------+-------+-------+----------------------

Skill      XL: |  1  2  3  4  5  6  7  8 |
---------------+-------------------------+-----
Dodging        | 1 2 3 4 |  4.7
Polearms       | 4 5 6 7 8 |  8.1
Fighting       | 4 5 6 |  6.6
Armour         | 3 4 |  4.5
Shields        | |  3.0

Action                   |  1- 3 |  4- 6 |  7- 9 || total
-------------------------+-------+-------+-------++-------
Melee: Trident           |   140 |   309 |   273 ||   722
Throw: Dart              |       |       |    18 ||    18
  Use: Scroll            |       |     4 |     3 ||     7
 Stab: Invisible         |       |       |     1 ||     1
  Eat: Chunk             |     1 |     8 |     5 ||    14
       Ration            |       |     1 |       ||     1
Armor: Scale mail        |    51 |    20 |       ||    71
       Chain mail        |       |   114 |   164 ||   278
Dodge: Dodged            |    48 |    75 |    85 ||   208
Block: Shield            |    63 |   121 |   123 ||   307

Vanquished Creatures
  Grinder (D:5)
  A centaur (D:5)
  A bullfrog (D:6)
  2 howler monkeys
  2 crimson imps (D:5)
  2 quasits
  2 bullfrog skeletons
  2 jellies
  A centaur skeleton (D:5)
  2 orc priests
  Ijyb (D:5)
  An orc wizard (D:4)
  6 worker ants
  A hound skeleton (D:6)
  Robin (D:2)
  4 gnolls
  10 adders
  An adder skeleton (D:4)
  An adder zombie (D:5)
  A worm (D:2)
  3 dart slugs
  3 leopard geckos
  16 orcs
  A ball python (D:1)
  2 giant cockroaches
  17 goblins
  5 hobgoblins
  12 jackals
  11 kobolds
  3 quokkas
  12 bats
  5 frilled lizards
  A quokka skeleton (D:4)
  27 rats
161 creatures vanquished.

Vanquished Creatures (others)
  A quokka (D:6)
1 creature vanquished.

Grand Total: 162 creatures vanquished
